[Event "Early-Titled-Tuesday-Blitz-February-06-2024"]
[Site "Chess.com"]
[Date "2024.02.06"]
[Round "6"]
[White "Quattroporte300"]
[Black "PawnEatingZombie"]
[Result "1-0"]
[WhiteElo "2385"]
[BlackElo "2202"]
[TimeControl "180+1"]
[EndTime "9:07:59 PST"]
[Termination "Quattroporte300 won on time"]

1. e4 d6 2. d4 Nf6 3. Nc3 e5 4. dxe5 dxe5 5. Qxd8+ Kxd8 6. Bc4 Be6 7. Bxe6 fxe6 8. a3 Bd6 9. f3 Nc6 10. Be3 Ke7 11.
Nge2 a6 12. O-O-O Rhb8 13. Na4 Nd7 14. Bg5+ Kf7 15. Rhf1 b5 16. Nac3 h6 17. f4 hxg5 18. fxe5+ Ke7 19. exd6+ cxd6 20. Rf3 Nde5 21. Rg3 g4 22. h3 a5 23. hxg4 b4 24. Nb1 Rh8 25. g5 Rh4 26. Nd2 bxa3 27. Rxa3 Rf8 28. Rb3 Rf2 29.
Rb7+ Kf8 30. g3 Rhh2 31. Nf4 Nd4 32. c3 Ne2+ 33. Nxe2 Rxe2 34. Rf1+ Kg8 35. Nf3 Nxf3 36. g6 Rc2+ 37. Kb1 Nd2+ 38. Kxc2 Nxf1+ 39. Kd3 Kf8 40. Rf7+ Ke8 41. Rxf1 Rxb2 42. Rf7 a4 43. Rxg7 a3 44.
Ra7 a2 45. g7 1-0

[Event "Early-Titled-Tuesday-Blitz-February-06-2024"]
[Site "Chess.com"]
[Date "2024.02.06"]
[Round "6"]
[White "Leebit02"]
[Black "LileKoridze"]
[Result "0-1"]
[WhiteElo "2557"]
[BlackElo "2397"]
[TimeControl "180+1"]
[EndTime "9:08:00 PST"]
[Termination "LileKoridze won by resignation"]

1. d4 d5 2. Nf3 e6 3. c4 Nf6 4.
g3 Bb4+ 5. Nbd2 O-O 6. Bg2 c6 7. O-O b6 8. Qc2 Bb7 9. e4 dxe4 10. Nxe4 Nbd7 11. Bf4 Be7 12. Nd6 Ba6 13. Rfd1 Ne8 14. Ne4 Ndf6 15. Ne5 Bb7 16. c5 Nd5 17. a3 Nef6 18.
b4 h6 19. Bc1 b5 20. Bd2 Nxe4 21. Bxe4 Bf6 22. Qb3 Qe7 23. a4 a6 24. h4 Rfd8 25.
Kh2 Rac8 26. Qf3 Ba8 27. Ra2 Qc7 28. Nd3 Bxd4 29. Be1 Nc3 30. Bxc3 Bxc3 31. Rc1 Bf6 32. h5 Bb7 33. Re1 Rd4 34. Rb1 Rcd8 35. Ra3 Qd7 36.
Re1 bxa4 37. Re3 Be7 38. Ne5 Qe8 39. Bxc6 Bxc6 40. Nxc6 R4d5 41. Nxd8 Qxd8 42. Rxa4 Qc8 43. Re4 Qc6 44. Qe2 Qxa4 45. Rxe6 Rxh5+ 46. Qxh5 fxe6 47.
Qg4 Qc6 48. f4 Bf6 49. Qg6 Qb5 50. Qe4 Kf7 51. g4 Qd7 52. f5 exf5 53. gxf5 Qd2+ 54. Kh3 Qc3+ 55. Kg4 Qd4 0-1

[Event "Early-Titled-Tuesday-Blitz-February-06-2024"]
[Site "Chess.com"]
[Date "2024.02.06"]
[Round "6"]
[White "FairChess_on_YouTube"]
[Black "Rikikits"]
[Result "0-1"]
[WhiteElo "3063"]
[BlackElo "2851"]
[TimeControl "180+1"]
[EndTime "9:08:01 PST"]
[Termination "Rikikits won by checkmate"]

1. d4 d5 2. c4 c6 3. Nf3 Nf6 4. Qc2 g6 5. cxd5 cxd5 6. Bf4 Nc6 7. Nc3 Bg7 8. e3 O-O 9. h3 Bf5 10.
Qb3 Na5 11. Qb4 Ne4 12. Rc1 Rc8 13. Be2 Qb6 14. Qxb6 axb6 15. Nd2 Nxc3 16. bxc3 Rfe8 17. g4 Bd7 18. O-O b5 19. Rb1 Rxc3 20. Bxb5 Bc6 21. Bxc6 bxc6 22. Rfc1 Rxc1+ 23. Rxc1 Rc8 24. Nb3 Nc4 25.
a4 Ra8 26. a5 e5 27. Bxe5 Bxe5 28. dxe5 Nxe5 29. Rc5 Kf8 30. e4 Nd3 31. Rxc6 dxe4 32. Rb6 Ke7 33. a6 f5 34. g5 Kd7 35. Nd4 Nc5 36. Rb5 Nxa6 37. Rb7+ Nc7 38. Kg2 Ra5 39. h4 Rd5 40. Ne2 Rb5 41. Ra7 Kd6 42. Nf4 Rb6 43. h5 Ne6 44. hxg6 Nxf4+ 45. Kg3 Rb3+ 46. Kh4 Rh3# 0-1

[Event "Early-Titled-Tuesday-Blitz-February-06-2024"]
[Site "Chess.com"]
[Date "2024.02.06"]
[Round "6"]
[White "betta2004"]
[Black "traviscottofficial"]
[Result "1-0"]
[WhiteElo "2543"]
[BlackElo "2683"]
[TimeControl "180+1"]
[EndTime "9:08:01 PST"]
[Termination "betta2004 won by checkmate"]

1. d4 Nf6 2. Nc3 d5 3. Bf4 c6 4. e3 Bf5 5. f3 e6 6. g4 Bg6 7.
h4 h6 8. Bd3 Bxd3 9. Qxd3 Qb6 10. O-O-O Nbd7 11. Nge2 c5 12. e4 c4 13. Qe3 dxe4 14.
fxe4 Nxg4 15. Qg3 h5 16. Bc7 Qa6 17. d5 Rc8 18. dxe6 Qxe6 19. Nd4 Qh6+ 20. Bf4 Qg6 21. Nd5 Bc5 22. Nf5 Nf2 23. Qc3 Nxe4 24. Nxg7+ Kf8 25. Ne6+ Kg8 26. Qf3 fxe6 27. Rhg1 Bxg1 28.
Ne7+ Kg7 29. Nxg6 Nef6 30. Nxh8 Bc5 31. Qg3+ Kxh8 32. Qg6 Bf8 33. Be5 Nxe5 34. Qxf6+ Bg7 35. Qg5 c3 36. Rg1 cxb2+ 37. Kb1 Rc7 38. Qd8+ Kh7 39. Qxc7 Ng4 40. Rxg4 hxg4 41. Qf4 g3 42. Qg4 Be5 43. Qe4+ Kh6 44. Qxe5 g2 45. Qg3 Kh5 46. Qxg2 e5 47.
Qxb7 e4 48. Qxe4 a5 49. Kxb2 a4 50. Qxa4 Kg6 51. Qd4 Kh5 52. c4 Kg6 53. c5 Kf5 54. c6 Ke6 55. c7 Ke7 56. c8=Q Kf7 57. Qf5+ Ke8 58. Qdd7# 1-0

[Event "Early-Titled-Tuesday-Blitz-February-06-2024"]
[Site "Chess.com"]
[Date "2024.02.06"]
[Round "6"]
[White "Bodnar_Mykola"]
[Black "only_strong_moves"]
[Result "1-0"]
[WhiteElo "2507"]
[BlackElo "2664"]
[TimeControl "180+1"]
[EndTime "9:08:01 PST"]
[Termination "Bodnar_Mykola won on time"]

1. d4 Nf6 2. c4 e6 3. Nf3 d5 4.
Bg5 Be7 5. e3 Nbd7 6. Nc3 c6 7.
Rc1 h6 8. Bh4 Ne4 9. Bxe7 Qxe7 10. Qc2 f5 11. Be2 O-O 12. O-O b6 13. cxd5 cxd5 14. Nb5 Ba6 15. Nc7 Bxe2 16. Qxe2 Rac8 17.
Qa6 Ndc5 18. dxc5 Nxc5 19. Rxc5 bxc5 20. Qxe6+ Qxe6 21. Nxe6 Rf6 22. Nf4 Rd6 23. h4 d4 24.
Rd1 Rcd8 25. exd4 cxd4 26. Nd3 Rc8 27. Rd2 Kh7 28. h5 Rb8 29. Nfe5 Re8 30. f4 Rc8 31. Kf2 Rb6 32. Kf3 Ra6 33. b3 Rc3 34. g4 fxg4+ 35.
Kxg4 Rf6 36. Kf3 Rf5 37. Kg4 Rf6 38. Rh2 Ra6 39. Kf3 Ra5 40. Ke4 Ra6 41. Kxd4 Rc8 42. b4 Rd8+ 43. Kc4 Ra3 44. b5 Rc8+ 45. Nc6 a6 46.
Nb4 axb5+ 47. Kxb5 Rf3 48. a4 Rxf4 49. a5 Rf5+ 50.
Kb6 Rxa5 51. Kxa5 Rf8 52. Kb5 Rf5+ 53. Kb6 Rg5 54. Nd3 Kg8 55. Nde5 Kf8 56. Kc7 Ke8 57.
Kd6 Rf5 58. Ke6 Rf6+ 59. Kd5 Rf1 60. Ra2 Rd1+ 61. Ke6 g6 62. Ra8+ 1-0

[Event "Early-Titled-Tuesday-Blitz-February-06-2024"]
[Site "Chess.com"]
[Date "2024.02.06"]
[Round "6"]
[White "ChEsper99"]
[Black "jcreyes69"]
[Result "1-0"]
[WhiteElo "2218"]
[BlackElo "2385"]
[TimeControl "180+1"]
[EndTime "9:08:02 PST"]
[Termination "ChEsper99 won on time"]

1. e4 c5 2. c3 Nf6 3. e5 Nd5 4. d4 cxd4 5. Nf3 Nc6 6. cxd4 d6 7. Bc4 dxe5 8. dxe5 Be6 9. O-O g6 10. Ng5 Bg7 11. Nxe6 fxe6 12. f4 O-O 13. Kh1 Qb6 14.
Bxd5 exd5 15. Qxd5+ Kh8 16. Qb3 Qa6 17. Rd1 Nxe5 18.
Be3 Ng4 19. Nd2 Qe2 20. Re1 Qa6 21. Rad1 Rad8 22. h3 Nxe3 23. Qxe3 Bxb2 24. Ne4 Rxd1 25. Rxd1 Bf6 26. Ng5 Bxg5 27. fxg5 Qd6 28. Rxd6 exd6 29. Qe7 Kg8 30. Qxd6 Rf1+ 31. Kh2 Rf2 32. Qd7 Rf7 33. Qc8+ Kg7 34. Qe6 a6 35. Qe5+ Kg8 36. h4 Rf8 37. Qe6+ Rf7 38. h5 gxh5 39. Kh3 Kg7 40. Kh4 Rc7 41. Kxh5 Rf7 42. Kg4 Rc7 43. Kf5 Rc5+ 44. Kg4 Rb5 45. Qe7+ Kg6 46. a4 1-0

[Event "Early-Titled-Tuesday-Blitz-February-06-2024"]
[Site "Chess.com"]
[Date "2024.02.06"]
[Round "6"]
[White "bteillet"]
[Black "Willi_Skibbe"]
[Result "0-1"]
[WhiteElo "2152"]
[BlackElo "2336"]
[TimeControl "180+1"]
[EndTime "9:08:03 PST"]
[Termination "Willi_Skibbe won by resignation"]

1. b4 f6 2. Bb2 Kf7 3. c4 e6 4. e3 Ne7 5. Nf3 g6 6. d4 Bg7 7. Bd3 d6 8. Nbd2 b6 9. Qc2 Bb7 10. a4 Nd7 11. O-O h6 12. Rac1 f5 13. c5 Bd5 14.
Bc4 Nf6 15. Rfe1 Bxc4 16. Qxc4 d5 17. Qb3 Ne4 18. c6 g5 19. Red1 Rf8 20. b5 Kg8 21.
Ba3 Rf7 22. Nf1 Ng6 23. Ne1 f4 24. f3 Nf6 25. e4 dxe4 26. Qxe6 e3 27. Rd3 Qd5 28.
Qxd5 Nxd5 29. Nc2 Re8 30. h3 Bf8 31. Bxf8 Kxf8 32. Nh2 h5 33. Re1 Nh4 34. Re2 Nf5 35. Nf1 Kg7 36. Rb3 Kg6 37. Kh2 Rf6 38. Rd3 Rd6 39. g3 fxg3+ 40. Nxg3 Nh4 41. Ne1 Rde6 42. Ne4 Nxf3+ 43. Nxf3 Rxe4 44. Kg3 Nf4 45. Ne5+ R8xe5 46. dxe5 Nxd3 47. Kf3 Rxe5 48. Rxe3 Rxe3+ 49. Kxe3 Nc5 50. Kd4 Kf6 51. a5 Ke6 52. axb6 axb6 0-1

[Event "Early-Titled-Tuesday-Blitz-February-06-2024"]
[Site "Chess.com"]
[Date "2024.02.06"]
[Round "6"]
[White "banhgiahuy2606"]
[Black "severomorskij"]
[Result "1-0"]
[WhiteElo "2704"]
[BlackElo "2890"]
[TimeControl "180+1"]
[EndTime "9:08:05 PST"]
[Termination "banhgiahuy2606 won on time"]

1. d4 Nf6 2. Bg5 e6 3. e4 h6 4. Bxf6 Qxf6 5. c3 d6 6. Bd3 g6 7. Nd2 Bg7 8. Ne2 e5 9. O-O O-O 10. f4 Qe7 11. Nf3 Nd7 12. Qd2 c5 13. f5 cxd4 14.
cxd4 Nf6 15. Ng3 Bd7 16. fxg6 fxg6 17. Nh4 Kh7 18. dxe5 Qxe5 19. Nf3 Qc5+ 20. Kh1 Ng4 21. Rac1 Qb6 22. e5 Nxe5 23. Nxe5 Bxe5 24. Qc2 d5 25. Nh5 Rac8 26. Qe2 Rxc1 27. Rxc1 Qd6 28. Re1 Bf5 29. Bxf5 Rxf5 30. Ng3 Bxg3 31. hxg3 Rh5+ 32. Kg1 Qc5+ 33. Qe3 Qxe3+ 34. Rxe3 Rg5 35. Re7+ Kg8 36. Rxb7 Rxg3 37. Rxa7 Rd3 38. b4 d4 39. b5 Rd1+ 40. Kf2 Rb1 41. a4 Rb2+ 42. Kf3 Rb3+ 43. Ke4 d3 44. Ke3 Kf8 45. Rb7 Ke8 46. a5 Kd8 47. a6 Kc8 48. b6 Ra3 49. Rc7+ Kd8 50. a7 1-0

[Event "Early-Titled-Tuesday-Blitz-February-06-2024"]
[Site "Chess.com"]
[Date "2024.02.06"]
[Round "6"]
[White "amintabatabaei"]
[Black "Akewjon"]
[Result "0-1"]
[WhiteElo "2940"]
[BlackElo "2778"]
[TimeControl "180+1"]
[EndTime "9:08:06 PST"]
[Termination "Akewjon won by resignation"]

1. Nf3 Nf6 2. b3 d5 3. e3 e6 4.
Bb2 Bd6 5. c4 O-O 6. Nc3 Nc6 7.
Rc1 a6 8. d3 Qe7 9. Be2 Ba3 10.
Qd2 Bxb2 11. Qxb2 Rd8 12. d4 dxc4 13. bxc4 e5 14. d5 Na5 15. e4 b6 16. O-O Bg4 17. Ne1 Bxe2 18. Qxe2 Nd7 19. g3 Nc5 20. Ng2 Nab7 21.
Ne3 Nd6 22. f3 Re8 23. Kg2 g6 24. Ncd1 f5 25. Nf2 Qg5 26. h4 Qh5 27. g4 Qxh4 28.
Rh1 Qg5 29. exf5 e4 30. f4 Qxf4 31. Nh3 Qf3+ 32. Qxf3 exf3+ 33. Kxf3 Re7 34. Nf4 Rf8 35. Rcg1 Re4 36. Rh6 Nf7 37. Nxg6 Nxh6 38. Nxf8 Kxf8 39. Rh1 Nf7 40. Ng2 Ne5+ 41. Kf2 Ncd3+ 42. Kg3 Rxg4+ 43. Kh3 Nf2+ 0-1

[Event "Early-Titled-Tuesday-Blitz-February-06-2024"]
[Site "Chess.com"]
[Date "2024.02.06"]
[Round "6"]
[White "gmcorrales"]
[Black "Iskusnyh"]
[Result "1-0"]
[WhiteElo "2865"]
[BlackElo "2655"]
[TimeControl "180+1"]
[EndTime "9:08:06 PST"]
[Termination "gmcorrales won on time"]

1. d4 d5 2. c4 c6 3. e3 Nf6 4. Nc3 a6 5. Nf3 e6 6. Bd3 dxc4 7. Bxc4 b5 8. Be2 c5 9. O-O Nbd7 10. b3 Bb7 11.
Bb2 cxd4 12. Qxd4 Be7 13. Rfd1 O-O 14. Rac1 Qb6 15. Qf4 Rfd8 16. a4 bxa4 17. Qxa4 Nc5 18. Rxd8+ Rxd8 19. Qf4 Qxb3 20. Ba1 Bxf3 21. Qxf3 h6 22. g3 Nd5 23. Nxd5 Qxd5 24. Qg4 Bf8 25. Bd4 f5 26. Qh4 Ne4 27. Bc4 Qd7 28. Bxe6+ Qxe6 29. Qxd8 Ng5 30. Rc8 Nf3+ 31. Kf1 Kh7 32. Qxf8 Qb3 33. Qh8+ Kg6 34. Qxg7+ Kh5 35. Rc1 Qd3+ 36. Kg2 Qe4 37.
Qf7+ Kg5 38. h4+ Nxh4+ 39. Kf1 Qd3+ 40. Kg1 Nf3+ 41. Kg2 Qe4 42. Bf6+ Kg4 43. Qg6+ Ng5+ 44. Kg1 Kf3 45. Qh5+ 1-0

[Event "Early-Titled-Tuesday-Blitz-February-06-2024"]
[Site "Chess.com"]
[Date "2024.02.06"]
[Round "6"]
[White "AccioChess"]
[Black "FMStan15"]
[Result "0-1"]
[WhiteElo "2414"]
[BlackElo "2048"]
[TimeControl "180+1"]
[EndTime "9:08:06 PST"]
[Termination "FMStan15 won on time"]

1. e4 e6 2. d4 d5 3. Nc3 Bb4 4. e5 c5 5. a3 Bxc3+ 6. bxc3 Qc7 7. Nf3 Ne7 8. Bd3 h6 9. O-O O-O 10. a4 b6 11. Nh4 Ba6 12. f4 Bxd3 13. Qxd3 cxd4 14.
cxd4 Qc4 15. Qd2 Rc8 16. Ba3 Nf5 17. Nxf5 exf5 18. Rf2 Nc6 19. Rd1 Qxa4 20. Bd6 Nd8 21. g4 fxg4 22. f5 Nb7 23. Be7 Qd7 24. Ba3 Kh7 25. Qf4 Rc3 26. Bb2 Rf3 27. Rxf3 gxf3 28. Rd3 Rc8 29. c3 Qe7 30. h4 g5 31. Qxf3 g4 32.
Qg3 Rg8 33. Rd2 h5 34. Rf2 Na5 35. Bc1 Qf8 36. Qf4 Qg7 37. e6 fxe6 38. fxe6 Re8 39.
Qf5+ Qg6 40. Qe5 Rxe6 41. Qc7+ Kg8 42. Bg5 Re1+ 43. Kh2 Re8 44. Qd7 g3+ 0-1

[Event "Early-Titled-Tuesday-Blitz-February-06-2024"]
[Site "Chess.com"]
[Date "2024.02.06"]
[Round "6"]
[White "kibromNNN"]
[Black "Louis-Paulsen-Fan"]
[Result "0-1"]
[WhiteElo "1775"]
[BlackElo "2269"]
[TimeControl "180+1"]
[EndTime "9:08:06 PST"]
[Termination "Louis-Paulsen-Fan won on time"]

1. d4 d5 2. c4 e6 3. Nc3 c5 4.
Nf3 Nc6 5. cxd5 exd5 6. g3 c4 7. Bg2 Bb4 8. O-O Nge7 9. Bg5 f6 10. Bd2 O-O 11. a3 Ba5 12. e3 Bf5 13. Nh4 Bd3 14. Re1 Qd7 15. Rc1 Rfd8 16. Bf3 a6 17. a4 Rab8 18.
Bg2 b5 19. axb5 axb5 20. Ra1 Bc7 21. Ra7 Nxa7 22. e4 dxe4 23. Nxe4 Nac6 24. Bc3 Nxd4 25. Nc5 Qd6 26. Bxd4 Qxd4 27. Ne6 Qb6 28. Qg4 Ng6 29. Nxd8 Rxd8 30. Nf5 Bxf5 31. Qxf5 b4 32. h4 Qd6 33. h5 Ne7 34. Qb5 c3 35. Qc4+ Kh8 36.
Re6 Qd7 37. h6 cxb2 38. hxg7+ Kxg7 39. Re1 Qd2 40. Qg4+ Kh8 0-1

[Event "Early-Titled-Tuesday-Blitz-February-06-2024"]
[Site "Chess.com"]
[Date "2024.02.06"]
[Round "6"]
[White "DonJuanEGenaro"]
[Black "ccccvhhhj"]
[Result "0-1"]
[WhiteElo "2045"]
[BlackElo "2445"]
[TimeControl "180+1"]
[EndTime "9:08:07 PST"]
[Termination "ccccvhhhj won on time"]

1. d4 e5 2. e4 d6 3. dxe5 Nc6 4. exd6 Bxd6 5. c3 Qe7 6. Bd3 Nf6 7. Qe2 Bg4 8. f3 Bd7 9. Bg5 O-O-O 10. Nd2 h6 11. Bh4 Ne5 12. O-O-O Nxd3+ 13. Qxd3 Bc5 14. Qc4 Be6 15.
Qa4 Kb8 16. e5 Bf5 17. exf6 gxf6 18. Nh3 Qe2 19. Nf4 Qe5 20. Rhe1 Be3 21. Bf2 Qxf4 22. Qxf4 Bxf4 23. g3 Bd6 24. Ne4 Be5 25. Bd4 b6 26.
Nxf6 Bxd4 27. Rxd4 Be6 28. b3 a5 29. Red1 Rxd4 30.
Rxd4 Kb7 31. Kd2 Kc6 32. Nh5 Re8 33. Nf4 Bf5 34. g4 Bb1 35. a3 Rg8 36. c4 Rg5 37.
Nd5 h5 38. Ke3 hxg4 39. Rxg4 Rh5 40. h4 Re5+ 41. Kf4 Re1 42. Rg7 Bg6 43. Ne3 Rb1 44.
Ng4 Rxb3 45. Ne5+ Kc5 46. Nxg6 fxg6 47. Rxg6 Rxa3 48. h5 Ra1 49. h6 Rh1 50. Rf6 a4 51. Kg5 a3 52. Rf8 a2 53. Ra8 a1=Q 0-1

[Event "Early-Titled-Tuesday-Blitz-February-06-2024"]
[Site "Chess.com"]
[Date "2024.02.06"]
[Round "6"]
[White "Licancabur"]
[Black "javirec"]
[Result "0-1"]
[WhiteElo "2408"]
[BlackElo "2298"]
[TimeControl "180+1"]
[EndTime "9:08:07 PST"]
[Termination "javirec won on time"]

1. d4 Nf6 2. Bg5 Ne4 3. Bf4 c5 4. f3 Qa5+ 5. c3 Nf6 6. d5 b5 7.
e4 d6 8. Nd2 Nbd7 9. g4 g6 10.
h4 h5 11. g5 Nh7 12. Bh3 Bg7 13. Ne2 Ne5 14. Bxc8 Rxc8 15. Bxe5 Bxe5 16. f4 Bg7 17. O-O b4 18. Nc4 Qb5 19. Qd3 Qd7 20. Qf3 Qg4+ 21. Qxg4 hxg4 22. Kg2 Nf8 23. Kg3 Nd7 24.
Kxg4 Nb6 25. Nxb6 axb6 26. a3 b3 27. Rh1 Kd7 28. Rh3 b5 29. Rah1 Rb8 30. Nc1 b4 31. cxb4 cxb4 32. Rxb3 bxa3 33. bxa3 Rxb3 34. Nxb3 Rb8 35. Rb1 Ra8 36. Nd2 Rxa3 37. Rb7+ Kd8 38. Nc4 Ra4 39. Nb6 Rxe4 40. Rd7+ Ke8 41. Rc7 f5+ 42. gxf6 Bxf6 43. Rc8+ Kf7 44. Rh8 Bxh8 0-1

[Event "Early-Titled-Tuesday-Blitz-February-06-2024"]
[Site "Chess.com"]
[Date "2024.02.06"]
[Round "6"]
[White "SabinaFoisor"]
[Black "lynette2015"]
[Result "1/2-1/2"]
[WhiteElo "2339"]
[BlackElo "2193"]
[TimeControl "180+1"]
[EndTime "9:08:07 PST"]
[Termination "Game drawn by agreement"]

1. d4 d6 2. c4 Nf6 3. Nf3 g6 4.
Nc3 Bg7 5. Bg5 O-O 6. Qc2 Nc6 7.
e3 e5 8. d5 Ne7 9. Be2 h6 10.
Bh4 g5 11. Bg3 Nh5 12. Nd2 Nxg3 13. hxg3 f5 14. O-O-O a6 15. e4 Bd7 16. f3 b5 17.
Bd3 bxc4 18. Nxc4 Rb8 19. f4 exf4 20. gxf4 gxf4 21. Rdf1 fxe4 22. Bxe4 Bf5 23. Rxf4 Bxe4 24. Qxe4 Rxf4 25. Qxf4 Ng6 26. Qf5 Qg5+ 27. Qxg5 hxg5 28. Kc2 Nf4 29. g3 Bxc3 30. gxf4 Bg7 31. fxg5 Kf7 32. Re1 Rb5 33. Rd1 Kg6 34. a4 Rc5 35. b3 Kxg5 36. Rf1 Kg6 37. Rg1+ Kf7 38. Rg5 Bf6 39.
Rh5 Kg6 40. Rh1 Rxd5 41. Rg1+ Kf7 42. Rf1 c5 43. Rd1 Rxd1 44. Kxd1 Ke6 45. Kc2 d5 46. Ne3 Bg5 47. Nd1 a5 48. Kd3 Ke5 49. Nc3 Bc1 50. Nb5 Bb2 51. Nc7 Kd6 52. Nb5+ Kc6 53. Na7+ Kb6 54.
Nc8+ Kc7 55. Ne7 Kd6 56. Nf5+ Ke5 57. Ne3 Bd4 58. Nc2 Bg1 59. Na3 Bf2 60. Nb5 Bg1 61.
Na7 Kd6 62. Nc8+ Kc7 63. Ne7 Kd6 64. Nf5+ Ke5 65. Ne7 Kd6 66. Nc8+ Kc7 67. Na7 1/2-1/2

[Event "Early-Titled-Tuesday-Blitz-February-06-2024"]
[Site "Chess.com"]
[Date "2024.02.06"]
[Round "6"]
[White "ViIIagra"]
[Black "DavidGavrilescu18"]
[Result "1-0"]
[WhiteElo "2964"]
[BlackElo "2771"]
[TimeControl "180+1"]
[EndTime "9:08:08 PST"]
[Termination "ViIIagra won by resignation"]

1. Nf3 d5 2. d3 Nf6 3. c3 e6 4.
Nbd2 Be7 5. e4 O-O 6. Be2 c5 7. O-O Nc6 8. Re1 Qc7 9. Bf1 dxe4 10. dxe4 e5 11. Nc4 Rd8 12. Qc2 h6 13. a4 Be6 14. b3 b6 15. Ne3 g6 16. c4 Nd4 17. Nxd4 cxd4 18. Nd5 Bxd5 19. exd5 Nxd5 20. Bxh6 Nc3 21. Bd3 Bf8 22. Bd2 Bg7 23. Bxc3 dxc3 24. Be4 Rac8 25. Rad1 Rxd1 26. Rxd1 Rd8 27. Bd5 e4 28.
Qxe4 Kf8 29. g3 Re8 30. Qf3 Qe7 31. Kg2 Qf6 32. Qd3 Qe5 33. Kf1 Qh5 34. h4 Qg4 35. Bc6 c2 36. Qxc2 Re5 37. Rd8+ Ke7 38. Qd3 Qh3+ 39. Bg2 Qe6 40. Kg1 Bf6 41. Rd5 Rxd5 42. Bxd5 Qe5 43. Kg2 Bg7 44. b4 f5 45. a5 bxa5 46.
bxa5 Bf8 47. Qa3+ Ke8 48. Qb3 Bd6 49. Qb7 Qd4 50. Qc8+ Ke7 51. Qe6+ Kd8 52. Qxd6+ Kc8 53.
Be6+ Kb7 54. Qxd4 1-0

[Event "Early-Titled-Tuesday-Blitz-February-06-2024"]
[Site "Chess.com"]
[Date "2024.02.06"]
[Round "6"]
[White "Mesa_1"]
[Black "Meri-Arabidze"]
[Result "1-0"]
[WhiteElo "2561"]
[BlackElo "2722"]
[TimeControl "180+1"]
[EndTime "9:08:09 PST"]
[Termination "Mesa_1 won by resignation"]

1. e4 c5 2. Nf3 e6 3. d4 cxd4 4. Nxd4 Nc6 5. Nc3 a6 6. a3 Qc7 7.
Nxc6 bxc6 8. Qd3 Nf6 9. Qg3 e5 10. Be2 g6 11. f4 d6 12. fxe5 dxe5 13. O-O Bg7 14. Bg5 Nd7 15. Bc4 f6 16. Be3 Nf8 17. Na4 Be6 18. Bb6 Qf7 19. Be2 Nd7 20. Ba5 O-O 21. Qc3 Rfc8 22. Rad1 c5 23. b3 Ra7 24.
Rd6 c4 25. Rxe6 Qxe6 26. Bxc4 Rxc4 27. Qxc4 Qxc4 28. bxc4 Bf8 29. Bb4 Rc7 30. Rd1 Kf7 31. Nc3 Bc5+ 32. Kf1 Bd4 33. Ne2 Bc5 34. c3 Nb6 35. Ba5 Rc6 36. Bxb6 Rxb6 37. Rd7+ Ke6 38.
Rd1 Bxa3 39. Ra1 Bc5 40. Nc1 Kd6 41. Nd3 Kc6 42. Ke2 Be7 43. Ra5 Kb7 44. c5 Rb3 45.
Kd2 Bd8 46. Ra4 a5 47. Kc2 Rb5 48. c4 Rb4 49. Nxb4 axb4 50. Kb3 Kc6 51. Kxb4 Be7 52. Ra6+ Kb7 53. Kb5 1-0

[Event "Early-Titled-Tuesday-Blitz-February-06-2024"]
[Site "Chess.com"]
[Date "2024.02.06"]
[Round "6"]
[White "CarlosjPineror"]
[Black "ChessRespected"]
[Result "0-1"]
[WhiteElo "2707"]
[BlackElo "2556"]
[TimeControl "180+1"]
[EndTime "9:08:09 PST"]
[Termination "ChessRespected won by resignation"]

1. e4 e5 2. Nf3 Nc6 3. Bb5 a6 4. Ba4 b5 5. Bb3 Nf6 6. d3 Bc5 7. c3 d6 8. h3 h6 9. Nbd2 O-O 10. Nf1 d5 11. Qe2 Be6 12. Ng3 Na5 13. Bc2 Re8 14. b4 dxe4 15. dxe4 Bc4 16. Qd1 Qe7 17. bxc5 Rad8 18.
Nd2 Qxc5 19. Qf3 Nc6 20. Nxc4 Qxc4 21. Ne2 Nd4 22. cxd4 Qxc2 23. O-O exd4 24. Bxh6 gxh6 25. Ng3 Nxe4 26. Nf5 Ng5 27. Nxh6+ Kh7 28. Qf4 Kxh6 29. h4 Qg6 30. hxg5+ Qxg5 31. Qxc7 Rg8 32. g3 d3 33. Kg2 Qd5+ 34. f3 Rge8 35. Qf4+ Kg6 36. Rf2 Qf5 37. Qd2 Rh8 38. g4 Qe5 39. Rh1 Rxh1 40. Kxh1 Rh8+ 41. Kg1 Qg3+ 42. Rg2 Qxf3 43. Qc3 Qe3+ 44. Rf2 Qg3+ 45. Rg2 Qe3+ 46. Rf2 Rh1+ 47. Kxh1 Qxf2 48. Qxd3+ Kg5 49. Qe4 Kh4 50. Qh7+ Kg3 51. Qd3+ Qf3+ 52. Qxf3+ Kxf3 53. g5 Kg4 0-1

[Event "Early-Titled-Tuesday-Blitz-February-06-2024"]
[Site "Chess.com"]
[Date "2024.02.06"]
[Round "6"]
[White "Mourinho_Jose"]
[Black "Mikhail_Golubev"]
[Result "0-1"]
[WhiteElo "2479"]
[BlackElo "2652"]
[TimeControl "180+1"]
[EndTime "9:08:09 PST"]
[Termination "Mikhail_Golubev won on time"]

1. e4 c5 2. Nf3 d6 3. Bb5+ Bd7 4. Bxd7+ Nxd7 5. O-O Ngf6 6. Qe2 e6 7. c4 Ne5 8. b3 Nxf3+ 9. Qxf3 g6 10. Bb2 Bg7 11. d4 Nd7 12. Rd1 O-O 13. Qe2 cxd4 14. Bxd4 Bxd4 15.
Rxd4 Qf6 16. Qd2 Ne5 17. Nc3 Nc6 18. Rxd6 Rad8 19. Rxd8 Rxd8 20. Qe1 Nb4 21. e5 Qf4 22.
Rd1 Rxd1 23. Qxd1 Qxe5 24. Qd2 Nc2 25. h3 Nd4 26. Qe3 Qxe3 27. fxe3 Nc6 28. Nb5 Kf8 29. Kf2 Ke7 30. Nd4 Nb4 31. a3 Nd3+ 32. Ke2 Nc5 33. b4 Ne4 34. Kd3 f5 35. c5 Kd7 36. Nf3 Kc6 37. Kc4 b5+ 38. cxb6 axb6 39. Nd4+ Kd7 40.
Kb5 Nd6+ 41. Kxb6 Nc4+ 42. Ka6 Nxa3 43. b5 e5 44. b6 exd4 45. b7 d3 46. b8=Q d2 0-1

[Event "Early-Titled-Tuesday-Blitz-February-06-2024"]
[Site "Chess.com"]
[Date "2024.02.06"]
[Round "6"]
[White "LeRoidesChampions"]
[Black "Kotofeyca"]
[Result "1-0"]
[WhiteElo "2627"]
[BlackElo "2424"]
[TimeControl "180+1"]
[EndTime "9:08:10 PST"]
[Termination "LeRoidesChampions won on time"]

1. d4 d5 2. Bf4 c6 3. e3 Nf6 4. Nf3 Bg4 5. c4 e6 6. Nc3 Nbd7 7. Be2 Be7 8. Qb3 Qb6 9. c5 Qxb3 10. axb3 Ne4 11.
Nxe4 dxe4 12. Nd2 Bxe2 13. Kxe2 f5 14. b4 a6 15. Nc4 Kf7 16. h4 Nf6 17. Na5 Ra7 18.
Be5 Nd5 19. Ra4 Rd8 20. Nc4 Rd7 21. Bb8 Ra8 22. Ne5+ Ke8 23. Nxd7 Kxd7 24. Be5 g6 25. h5 g5 26. g3 g4 27. Kd2 Rg8 28. Kc2 Bf6 29.
Bd6 Be7 30. Bxe7 Kxe7 31. Kb3 h6 32. Rc1 Kd7 33. Raa1 Kc7 34. b5 cxb5 35. c6 Ra8 36. cxb7+ Kxb7 37. Rc5 Nb6 38. Re5 Re8 39. Rc5 Nc4 40. d5 exd5 41. Rxd5 Rf8 42. Rd7+ Kc6 43. Rg7 a5 44. Rg6+ Kc5 45. Rxh6 a4+ 46. Ka2 Rd8 47. Rf6 Rd5 48. h6 b4 49. Rc1 b3+ 50.
Kb1 Kb4 51. h7 Rd2 52. Rxc4+ Kxc4 53. Rc6+ Kb4 54. h8=Q Rd8 55. Qc3+ 1-0

[Event "Early-Titled-Tuesday-Blitz-February-06-2024"]
[Site "Chess.com"]
[Date "2024.02.06"]
[Round "6"]
[White "Philippians46"]
[Black "Sokoloco"]
[Result "1-0"]
[WhiteElo "2609"]
[BlackElo "2780"]
[TimeControl "180+1"]
[EndTime "9:08:11 PST"]
[Termination "Philippians46 won by resignation"]

1. d4 d6 2. e4 g6 3. Nc3 Bg7 4. Be3 a6 5. g3 b5 6. Bg2 Bb7 7. Nge2 Nd7 8. a4 b4 9. Nd5 a5 10.
c3 Ngf6 11. Nxf6+ Nxf6 12. Qc2 bxc3 13. bxc3 O-O 14. O-O Ng4 15. Bg5 h6 16. Bc1 e5 17.
h3 Nf6 18. Be3 Re8 19. d5 c6 20. Rfb1 Qc7 21. dxc6 Bxc6 22. c4 Bd7 23. Rc1 Rec8 24. Qd2 Be6 25. Nc3 Qd7 26. Nb5 Ra6 27. Kh2 Kh7 28. Bf1 Nxe4 29. Qe1 Ng5 30. Bxg5 hxg5 31. Rd1 Qe7 32. Rac1 Rac6 33. Qe3 Bxc4 34. Na7 Qe6 35. Nxc8 Rxc8 36. Bxc4 Rxc4 37. Rxd6 Qc8 38. Rcd1 Qf5 39. Rd7 Re4 40. Qd2 Qf3 41. Rd3 Qf6 42. Re3 Rd4 43. Qe2 Rxa4 44. Rd5 Ra1 45. Rd7 e4 46. Rxe4 Rb1 47. Re3 Rb2 48. Rd2 Rb4 49.
Rf3 Qa1 50. Ra2 Rb1 51. Rxa1 Rxa1 52. Rxf7 Kh6 53. Rxg7 1-0

[Event "Early-Titled-Tuesday-Blitz-February-06-2024"]
[Site "Chess.com"]
[Date "2024.02.06"]
[Round "6"]
[White "MikaelyanArman"]
[Black "GlavkonVVS"]
[Result "0-1"]
[WhiteElo "2860"]
[BlackElo "2626"]
[TimeControl "180+1"]
[EndTime "9:08:11 PST"]
[Termination "GlavkonVVS won by resignation"]

1. a4 Nf6 2. e3 g6 3. Nf3 Bg7 4. d4 O-O 5. Be2 a6 6. O-O d6 7.
a5 Nbd7 8. c4 c5 9. Nc3 b6 10.
axb6 Qxb6 11. d5 e6 12. e4 exd5 13. exd5 Re8 14. h3 Ne4 15. Nxe4 Rxe4 16. Bd3 Re8 17. Re1 Bb7 18. Bf4 h6 19. Qa4 Nf6 20. b3 g5 21.
Bd2 Qc7 22. Ba5 Qd7 23. Qxd7 Nxd7 24. Rad1 Ne5 25. Nxe5 Bxe5 26. Bf5 Bc8 27. Bc2 Bd7 28.
g4 Kg7 29. Kg2 f5 30. gxf5 Kf6 31. Re3 Bxf5 32. Rf3 Bf4 33. Bc3+ Kg6 34. Bxf5+ Kxf5 35. b4 Rac8 36. b5 axb5 37. cxb5 Rb8 38. Rb1 Ke4 39. b6 Kxd5 40. Rd3+ Kc6 41. Ba5 Rb7 42. Kf3 Ra8 43. Bd2 Bxd2 44. Rxd2 d5 45. Re2 Ra3+ 46. Kg4 Ra4+ 47. Kf5 Rf4+ 48. Ke5 d4 49. Ke6 Rxb6 50. Rxb6+ Kxb6 51. Kd5 d3 52. Rb2+ Rb4 53. Rd2 Rd4+ 54. Ke5 Kc6 55. f3 Kb5 56. Rb2+ Kc4 0-1